Map: Thunderbird LE

Players

TiPtOP - Winner!

  • Race: Terran Terran
  • League: Silver
  • Spawn Location: 11:00

Icemant

  • Race: Protoss Protoss
  • League: Silver
  • Spawn Location: 5:00

VOD

Have the link to the VOD?

Description

Time

  • Played on: Aug. 18, 2019, 12:36 a.m.
  • Length: 22:49
Show
View Real Time Build Order
Export as new Build Order

TiPtOP Terran - Winner!

Build Orders: Mech 

Get SALT Encoding   

  12  0:01  SCV  
  13  0:17  SCV, Supply Depot  
  14  0:29  SCV  
  15  0:40  Barracks  
  15  0:41  SCV  
  16  0:56  Refinery  
  16  0:57  SCV  
  17  1:10  SCV  
  18  1:25  Command Center  
  18  1:36  Orbital Command  
  18  1:39  Marine  
  19  2:00  Factory  
  19  2:10  SCV  
  20  2:16  Refinery  
  20  2:22  SCV  
  21  2:34  SCV  
  22  2:44  Supply Depot  
  22  2:56  Supply Depot  
  22  2:57  Factory Tech Lab  
  22  3:02  SCV  
  23  3:12  Orbital Command  
  23  3:14  SCV  
  23  3:17  Supply Depot  
  24  3:21  Siege Tank  
  27  3:29  SCV  
  27  3:31  Armory  
  28  3:41  SCV, Supply Depot  
  28  3:45  SCV  
  30  3:57  SCV  
  30  3:58  Siege Tank  
  34  4:02  Supply Depot  
  34  4:10  Factory  
  34  4:24  SCV  
  34  4:29  SCV  
  36  4:36  SCV  
  37  4:41  SCV  
  38  4:46  Supply Depot  
  38  4:48  SCV  
  39  4:59  Engineering Bay  
  39  5:01  SCV x2  
  41  5:10  Factory  
  41  5:12  Factory Reactor  
  41  5:18  Command Center  
  41  5:29  Missile Turret  
  41  5:34  Missile Turret  
  41  5:57  Siege Tank  
  41  5:59  Hellion x2  
  48  6:09  Supply Depot  
  48  6:16  Terran Vehicle Weapons Level 1  
  48  6:18  Factory Tech Lab  
  48  6:22  SCV x2  
  50  6:29  Refinery  
  50  6:31  Refinery  
  50  6:34  Missile Turret, SCV  
  50  6:37  Missile Turret  
  51  6:44  Siege Tank  
  58  6:47  Hellion x2  
  58  6:50  Thor  
  58  6:53  SCV x2  
  66  7:16  Thor  
  66  7:18  Missile Turret  
  72  7:34  Hellion x3  
  78  7:49  SCV x2  
  80  7:55  Thor  
  80  7:57  Orbital Command  
  86  8:01  SCV  
  87  8:18  SCV  
  87  8:19  SCV  
  89  8:29  Command Center  
  89  8:31  SCV  
  89  8:32  Armory  
  90  8:55  SCV  
  91  8:57  Hellion x2, Thor  
  91  8:58  Hellion  
  103  9:07  SCV  
  104  9:10  Supply Depot  
  104  9:11  Supply Depot  
  104  9:14  Supply Depot  
  104  9:19  SCV, Supply Depot  
  104  9:20  Refinery  
  105  9:24  Refinery  
  105  9:31  Thor, SCV  
  109  9:36  Factory x2  
  110  9:40  Thor  
  110  9:42  Supply Depot  
  110  9:44  SCV  
  117  9:56  SCV  
  112  10:05  Supply Depot  
  106  10:08  SCV  
  106  10:09  Hellbat x2  
  106  10:13  Thor  
  117  10:23  Thor  
  123  10:30  Hellbat, Factory Tech Lab  
  123  10:31  Factory Reactor  
  123  10:32  Refinery  
  125  10:46  Hellion  
  127  10:52  Hellion  
  127  10:54  Terran Vehicle And Ship Armor Level 1  
  127  10:56  Thor  
  135  11:04  Supply Depot  
  125  11:05  Supply Depot  
  125  11:06  Thor  
  125  11:08  Hellion  
  131  11:19  Infernal Pre-Igniter  
  131  11:21  Smart Servos  
  131  11:28  Supply Depot  
  131  11:34  SCV x2  
  131  11:39  Thor  
  139  11:46  SCV x2  
  141  11:58  SCV x2  
  143  12:04  Refinery  
  143  12:07  Refinery  
  143  12:10  SCV  
  144  12:31  Command Center  
  144  12:41  Orbital Command  
  144  12:58  Command Center  
  144  13:10  Factory  
  144  13:13  Factory  
  144  13:17  Terran Vehicle Weapons Level 2  
  144  13:18  Terran Vehicle And Ship Armor Level 2  
  144  13:20  Neosteel Armor  
  144  13:25  Thor  
  144  13:26  Thor  
  156  13:27  Hellion x3  
  156  13:28  Hellion x2  
  166  13:43  Supply Depot x2  
  166  13:44  Supply Depot  
  166  13:45  Hellion x15  
  166  13:46  Planetary Fortress, Supply Depot  
  166  13:47  Supply Depot  
  166  13:52  SCV x3  
  169  13:59  Refinery  
  169  14:04  SCV x3  
  172  14:16  SCV  
  173  14:22  Refinery  
  173  14:44  Hellion  
  173  14:45  Hellion x2  
  179  14:55  SCV  
  180  15:02  Sensor Tower  
  178  15:07  SCV  
  177  15:17  SCV x2  
  177  15:19  SCV  
  180  15:23  Orbital Command  
  180  15:29  Factory Reactor  
  180  15:31  SCV  
  181  15:36  Factory Tech Lab  
  181  15:44  SCV  
  182  15:54  SCV  
  183  16:06  SCV  
  179  16:18  SCV  
  179  16:21  Orbital Command  
  177  16:31  SCV  
  170  16:45  SCV  
  171  16:53  SCV  
  172  16:57  SCV  
  173  17:05  SCV  
  174  17:09  SCV  
  174  17:11  Command Center  
  173  17:17  SCV  
  173  17:21  SCV  
  163  17:26  Refinery  
  163  17:27  Missile Turret  
  163  17:28  Command Center  
  163  17:29  SCV  
  144  17:32  Refinery  
  144  17:33  Refinery  
  144  17:35  Thor x3  
  144  17:36  Hellion, Thor, Hellbat  
  140  17:37  Hellbat x2  
  140  17:41  SCV  
  129  17:57  Terran Vehicle And Ship Armor Level 3  
  129  17:58  Hellbat x4, Terran Vehicle Weapons Level 3  
  134  18:09  Missile Turret  
  131  18:12  Missile Turret  
  131  18:18  Thor x4  
  131  18:19  Hellbat x3  
  163  18:20  Hellbat  
  136  18:41  Hellbat x2  
  125  18:51  Hellion x2  
  113  19:01  Thor x4  
  113  19:02  Hellion x2  
  123  19:12  Hellion  
  123  19:14  Orbital Command  
  125  19:28  Hellion x3  
  131  19:42  Planetary Fortress  
  131  19:44  Thor x4  
  155  20:26  Thor  
  155  20:27  Thor x3  
  179  20:37  SCV  
  180  20:49  SCV  
  181  21:01  SCV  
  182  21:09  Thor x3  
  200  21:18  Refinery  
  200  21:21  Missile Turret x2  
  200  21:22  Refinery  
  200  21:27  Command Center  
  184  21:50  Thor  
  184  21:52  Thor x2  
  188  22:23  Refinery  
Show
View Real Time Build Order
Export as new Build Order

Icemant Protoss 

Build Orders: Carriers 

Get SALT Encoding   

  12  0:15  Probe  
  12  0:18  Pylon  
  13  0:23  Probe  
  14  0:37  Gateway  
  14  0:39  Probe  
  15  0:51  Probe  
  15  0:55  Assimilator  
  16  1:08  Probe, Gateway  
  17  1:16  Probe  
  18  1:27  Probe  
  18  1:28  Cybernetics Core  
  19  1:33  Assimilator  
  19  1:39  Zealot, Probe  
  22  1:53  Probe  
  23  2:02  Pylon  
  23  2:18  Warp Gate  
  23  2:20  Zealot, Probe  
  26  2:26  Stalker  
  28  2:32  Probe  
  29  2:47  Nexus  
  29  2:55  Stalker, Pylon  
  31  3:13  Stalker, Pylon  
  33  3:23  Twilight Council  
  33  3:32  Forge  
  33  3:37  Stalker  
  35  3:49  Stargate  
  35  3:57  Stargate  
  35  3:58  Probe  
  36  4:06  Probe  
  36  4:12  Photon Cannon  
  36  4:13  Probe  
  36  4:15  Probe  
  38  4:21  Probe  
  39  4:24  Zealot  
  39  4:27  Probe  
  39  4:28  Blink  
  43  4:43  Phoenix  
  43  4:44  Probe  
  45  4:45  Probe  
  47  4:56  Probe  
  47  4:57  Probe  
  47  4:58  Stalker  
  51  5:05  Probe  
  51  5:08  Probe  
  51  5:10  Phoenix  
  51  5:13  Probe  
  55  5:16  Stalker  
  55  5:20  Probe  
  59  5:24  Zealot  
  61  5:39  Pylon  
  59  5:49  Probe  
  60  5:53  Assimilator  
  60  5:54  Assimilator  
  60  6:00  Robotics Facility  
  60  6:01  Probe  
  60  6:03  Templar Archives  
  61  6:06  Photon Cannon  
  61  6:08  Photon Cannon  
  61  6:11  Zealot  
  61  6:12  Zealot  
  65  6:24  Charge  
  65  6:50  Psionic Storm  
  65  7:01  Probe  
  65  7:07  Probe  
  67  7:09  Probe  
  68  7:19  Probe x2  
  70  7:39  Pylon  
  70  7:45  Pylon  
  70  7:47  Immortal  
  70  7:49  Pylon  
  70  7:51  Photon Cannon  
  70  7:52  Pylon  
  70  7:53  Photon Cannon  
  74  7:59  High Templar  
  74  8:00  High Templar  
  74  8:03  Pylon  
  78  8:08  Pylon  
  78  8:11  Pylon  
  78  8:13  Phoenix  
  78  8:14  Pylon  
  78  8:19  Probe  
  81  8:22  Protoss Shields Level 1  
  81  8:26  Immortal  
  85  8:30  Pylon  
  85  8:33  Pylon  
  85  8:36  Pylon  
  85  8:38  Phoenix  
  87  8:44  Gateway  
  87  8:46  Gateway  
  87  8:49  Gateway  
  87  8:50  Gateway x2  
  87  8:52  Nexus, Gateway  
  87  8:53  Gateway  
  87  8:54  High Templar  
  87  8:55  High Templar  
  91  9:05  Phoenix  
  91  9:08  Probe  
  93  9:16  Probe  
  95  9:25  Probe  
  95  9:30  Phoenix  
  98  9:37  Probe  
  99  9:39  Zealot  
  99  9:40  Zealot  
  99  9:41  Zealot, Assimilator  
  99  9:43  Zealot  
  99  9:44  Zealot  
  109  9:46  Zealot x2  
  109  9:48  Zealot, Assimilator  
  109  9:50  Probe  
  105  10:01  Zealot  
  105  10:02  Zealot x2  
  105  10:03  Zealot  
  105  10:08  Zealot  
  105  10:09  Zealot  
  105  10:14  Zealot  
  109  10:16  Zealot  
  111  10:21  Zealot  
  111  10:22  Zealot  
  111  10:25  Zealot  
  117  10:29  Zealot  
  117  10:32  Zealot  
  117  10:34  Zealot  
  123  10:37  Zealot  
  123  10:39  Zealot  
  127  10:59  Void Ray  
  113  11:16  Immortal, Probe  
  109  11:24  Probe  
  104  11:30  High Templar  
  104  11:31  High Templar x2  
  104  11:32  High Templar  
  113  11:33  Probe  
  113  11:34  High Templar  
  113  11:36  High Templar  
  118  11:42  Void Ray  
  118  11:43  Zealot x2  
  118  11:44  Zealot  
  128  11:48  Protoss Ground Weapons Level 1  
  128  11:50  Probe  
  129  12:03  Probe  
  130  12:08  Pylon  
  130  12:10  Shield Battery  
  130  12:11  Shield Battery  
  130  12:13  Shield Battery  
  130  12:15  Probe, Shield Battery  
  131  12:16  Shield Battery  
  131  12:18  Void Ray  
  131  12:21  Photon Cannon  
  131  12:23  Photon Cannon  
  131  12:25  Warp Prism  
  131  12:26  Photon Cannon  
  131  12:27  Probe  
  136  12:30  Photon Cannon  
  138  12:39  Probe  
  139  12:48  Void Ray  
  139  12:58  Stargate  
  139  12:59  Protoss Air Weapons Level 1  
  139  13:02  Stargate  
  139  13:03  Stargate  
  143  13:06  Stargate  
  143  13:20  Fleet Beacon  
  143  13:22  Robotics Bay  
  143  13:26  Dark Shrine  
  143  13:30  Void Ray  
  147  13:45  Pylon  
  147  13:48  Pylon  
  147  13:52  Pylon  
  147  13:56  Nexus  
  147  14:00  Pylon  
  147  14:03  Void Ray, Carrier, Pylon  
  147  14:06  Pylon  
  155  14:34  Colossus  
  161  14:39  Dark Templar  
  161  14:40  Dark Templar x2  
  161  14:41  Assimilator  
  161  14:44  Dark Templar  
  161  14:45  Assimilator  
  169  14:46  Void Ray  
  173  14:59  Photon Cannon  
  173  15:01  Photon Cannon  
  173  15:03  Photon Cannon  
  173  15:08  Photon Cannon  
  173  15:19  Dark Templar x3  
  173  15:20  Extended Thermal Lance  
  179  15:28  Anion Pulse-Crystals  
  179  15:39  Probe  
  179  15:46  Colossus  
  179  15:47  Probe  
  186  15:53  Dark Templar  
  186  15:54  Dark Templar  
  191  15:57  Probe  
  192  16:09  Dark Templar x2  
  192  16:10  Dark Templar  
  194  16:53  Probe  
  194  17:01  Probe  
  196  17:10  Probe  
  195  17:23  Probe  
  99  19:23  Carrier  
  79  19:26  Carrier  
  79  19:27  Carrier  
  79  19:29  Carrier  
  79  19:30  Carrier  
  109  19:34  High Templar x2  
  109  19:35  High Templar  
  109  19:36  Zealot  
  109  19:37  Zealot x3  
  109  19:38  Zealot x2  
  127  20:04  Nexus  
  127  20:09  Zealot  
  127  20:10  Zealot x3  
  127  20:11  Zealot  
  127  20:12  Zealot x2  
  127  20:13  Zealot x2  
  145  20:19  Carrier  
  145  20:20  Mothership  
  145  20:21  Pylon  
  145  20:24  Pylon  
  145  20:27  Pylon  
  151  20:30  Pylon  
  151  20:31  Carrier x2  
  151  20:33  Carrier  
  151  20:34  Carrier  
  183  20:42  Nexus  
  183  20:46  Pylon  
  183  20:48  Pylon  
  183  20:51  Pylon  
  183  20:53  Zealot x2, Pylon  
  183  20:54  Zealot x2  
  183  20:55  Zealot x3  
  183  20:56  Zealot  
  136  21:51  Zealot  
  136  21:52  Zealot x3  
  136  21:53  Zealot  
  136  21:54  Zealot x2  
  143  21:55  Zealot x2  
  67  22:43  Zealot x2  
  67  22:44  Zealot x2  
Tags
 
Add a new tag
Caveats
  • Supply blocks, unpowered buildings, or Contaminate may cause inaccurate times.
  • Supply counts are checked every 10 seconds.